AoeStats
← bailey

Arena

510471796Analyzed
4v4 RM · 15h ago on Oct 1, 2026· 44m 59s· 8 players
Game mode
Random Map
Map size
Large (8 player)
Population
200
Speed
Normal
Resources
Standard
Victory
Conquest
Starting age
Dark Age
Ending age
Imperial Age
RankedLock teamsTeams togetherTeam positionsShared explorationLock speedFull tech treeHidden civsTurbo modeCheats
Victory
Defeat
🇨🇳 Maya · China
1310
+15
🇺🇸 Bohemians · United States
1288
+16
🇨🇳 Mongols · China
1270
+17
🇨🇳 Persians · China
1233
+18
🇲🇽 Hindustanis · Mexico
1384
-19
🇦🇷 Bohemians · Argentina
1318
-18
🇦🇷 Danes · Argentina
1289
-17
🇲🇽 Saracens · Mexico
1168
-12
NT Alejo Simmental
10:56 Feudal Age
14:57 Castle Age
13:18 Double-Bit Axe
13:36 Horse Collar
13:46 Loom
16:20 Town Watch
26:21 Heavy Plow
29:33 Wheelbarrow
30:29 Gold Mining
31:16 Husbandry
31:27 Bloodlines
34:17 Imperial Age
32:55 Forging
32:50 Scale Barding Armor
32:54 Fletching
34:10 Bimaristan
35:43 Conscription
36:02 Iron Casting
35:48 Chain Barding Armor
36:06 Hoardings
35:28 Elite Skirmisher
37:04 Ballistics
37:46 Chemistry
38:21 Bodkin Arrow
38:26 Padded Archer Armor
38:48 Onager
40:16 Leather Archer Armor
45:30 Bow Saw
MatRm10
9:50 Feudal Age
11:33 Loom
14:35 Castle Age
13:20 Double-Bit Axe
13:17 Horse Collar
14:29 Gold Mining
22:59 Bow Saw
24:02 Heavy Plow
25:11 Squires
25:28 Scale Mail Armor
26:09 Arson
28:12 Chain Mail Armor
29:29 Wheelbarrow
28:43 Town Watch
33:07 Imperial Age
30:49 Hamask
32:18 Scale Barding Armor
32:25 Forging
32:53 Padded Archer Armor
33:31 Hand Cart
33:34 Fletching
33:13 Onager
35:17 Gold Shaft Mining
35:02 Thumb Ring
35:02 Stone Mining
34:43 Elite Skirmisher
37:51 Stone Shaft Mining
37:16 Bodkin Arrow
37:59 Bracer
38:32 Siege Onager
40:59 Chemistry
40:21 Conscription
41:38 Leather Archer Armor
Rosse SinClan
10:30 Feudal Age
15:22 Castle Age
19:02 Fervor
18:46 Loom
21:22 Horse Collar
22:54 Double-Bit Axe
23:11 Heavy Plow
26:50 Wheelbarrow
28:56 Bow Saw
29:40 Scale Mail Armor
29:52 Forging
32:20 Imperial Age
30:24 Hand Cart
29:54 Town Watch
30:33 Stone Mining
30:39 Gold Mining
32:07 Chain Mail Armor
31:54 Padded Archer Armor
32:40 Stone Shaft Mining
32:41 Gold Shaft Mining
34:02 Two-Man Saw
34:06 Chemistry
33:59 Leather Archer Armor
34:05 Shatagni
34:26 Conscription
33:59 Light Cavalry
34:50 Bloodlines
35:41 Ring Archer Armor
39:30 Hussar
41:04 Scale Barding Armor
41:10 Forging
43:13 Chain Barding Armor
43:28 Iron Casting
NT | MCLovin1986
11:51 Feudal Age
10:12 Loom
12:13 Feudal Age
12:58 Double-Bit Axe
13:20 Man-at-Arms
28:59 Horse Collar
32:52 Castle Age
31:30 Wheelbarrow
35:21 Bow Saw
35:42 Fervor
37:24 Hand Cart
2110316511
12:02 Feudal Age
12:51 Double-Bit Axe
12:48 Horse Collar
15:47 Castle Age
17:47 Bow Saw
22:42 Loom
24:25 Fletching
25:40 Wheelbarrow
25:29 Bodkin Arrow
25:35 Padded Archer Armor
26:04 Fortified Wall
26:15 Ballistics
30:10 Imperial Age
27:53 Heavy Plow
28:16 Leather Archer Armor
28:15 Gold Mining
28:16 Stone Mining
29:05 Thumb Ring
28:32 Crossbowman
30:11 Hand Cart
31:13 Conscription
30:22 Arbalester
32:21 Bracer
33:20 Ring Archer Armor
34:10 Chemistry
34:54 Two-Man Saw
34:21 Pikeman
35:02 Squires
34:47 Arson
35:12 Town Watch
37:34 Stone Shaft Mining
36:29 Eagle Warrior
37:43 Scale Mail Armor
37:53 Forging
38:39 Chain Mail Armor
37:46 Elite Eagle Warrior
38:59 Holcans
39:05 Hoardings
42:38 Plate Mail Armor
42:44 Iron Casting
44:31 Treadmill Crane
45:02 Masonry
45:55 Blast Furnace
45:27 Crop Rotation
44:59 Town Patrol
哈撒韦
10:32 Feudal Age
11:18 Double-Bit Axe
14:08 Castle Age
12:20 Horse Collar
15:02 Bow Saw
15:51 Wheelbarrow
22:02 Hand Cart
23:13 Stone Mining
23:42 Heavy Plow
24:08 Gold Mining
25:29 Gold Shaft Mining
26:32 Stone Shaft Mining
29:18 Imperial Age
27:00 Fletching
27:17 Loom
27:19 Town Watch
27:39 Bodkin Arrow
27:45 Padded Archer Armor
28:24 Ballistics
28:49 Masonry
29:18 Bloodlines
29:08 Husbandry
29:15 Thumb Ring
29:28 Leather Archer Armor
30:23 Conscription
30:03 Bracer
31:10 Chemistry
30:28 Elite Mangudai
32:23 Parthian Tactics
33:45 Drill
33:55 Capped Ram
35:25 Hoardings
35:00 Siege Engineers
35:12 Siege Ram
35:59 Murder Holes
37:55 Scale Barding Armor
39:16 Chain Barding Armor
Hsaheyhd
1:11 Loom
bailey
10:33 Feudal Age
14:44 Castle Age
15:30 Double-Bit Axe
17:34 Chemistry
16:32 Horse Collar
19:25 Bow Saw
19:37 Heavy Plow
22:37 Wheelbarrow
23:16 Fervor
23:34 Hand Cart
28:39 Imperial Age
26:37 Squires
26:45 Elite Skirmisher
26:46 Pikeman
27:36 Loom
28:14 Padded Archer Armor
30:20 Two-Man Saw
29:34 Scale Mail Armor
30:19 Leather Archer Armor
31:14 Siege Engineers
31:15 Town Watch
32:49 Wagenburg Tactics
33:04 Conscription
33:38 Houfnice
35:18 Chain Mail Armor
34:55 Fletching
35:05 Halberdier
36:52 Plate Mail Armor
36:53 Ring Archer Armor
36:18 Bodkin Arrow
37:00 Masonry
38:08 Bracer
38:20 Forging
43:52 Ballistics
43:30 Murder Holes
43:56 Ballistics
Connection lost

Rejoining the realm…

Still unreachable

The connection could not be restored.

Session expired

The server has moved on; the page needs a fresh start.